AoeStats
← bar

Arabia

506494324Analyzed
4v4 RM · 19d ago on Sep 13, 2026· 42m 14s· 8 players
Game mode
Random Map
Map size
Large (8 player)
Population
200
Speed
Normal
Resources
Standard
Victory
Conquest
Starting age
Dark Age
Ending age
Imperial Age
RankedLock teamsTeams togetherTeam positionsShared explorationLock speedFull tech treeHidden civsTurbo modeCheats
Victory
Defeat
🇹🇷 Huns · Türkiye
891
+13
🇹🇷 Franks · Türkiye
882
+14
🇹🇷 Burgundians · Türkiye
872
+14
🇹🇷 Huns · Türkiye
733
+20
851
-16
🇹🇷 Khmer · Türkiye
846
-16
🇹🇷 Portuguese · Türkiye
825
-15
🇹🇷 Turks · Türkiye
789
-14
GUNGORYES
0:44 Loom
15:30 Feudal Age
17:20 Wheelbarrow
16:35 Double-Bit Axe
16:33 Horse Collar
16:48 Gold Mining
16:52 Stone Mining
22:11 Castle Age
21:59 Bloodlines
23:30 Hand Cart
26:12 Bow Saw
26:06 Heavy Plow
28:51 Stone Shaft Mining
31:36 Caravan
36:39 Imperial Age
33:47 Light Cavalry
35:40 Town Watch
36:07 Scale Barding Armor
36:45 Scale Mail Armor
36:46 Padded Archer Armor
37:03 Cavalier
38:52 Chemistry
38:03 Fortified Wall
38:25 Pikeman
39:20 Halberdier
APO MECLİSE TÜRKİYELİLER ÖZGÜRLÜ
ysf5353
0:26 Loom
14:54 Feudal Age
16:23 Wheelbarrow
15:34 Town Watch
15:32 Horse Collar
15:41 Double-Bit Axe
15:49 Gold Mining
16:06 Arson
17:34 Stone Mining
18:31 Man-at-Arms
27:15 Castle Age
26:45 Fletching
26:55 Padded Archer Armor
26:56 Scale Mail Armor
27:07 Forging
28:31 Squires
28:42 Bodkin Arrow
29:02 Leather Archer Armor
28:28 Long Swordsman
30:46 Fortified Wall
30:19 Treadmill Crane
37:02 Guard Tower
37:33 Ballistics
39:54 Heavy Plow
40:15 Leather Archer Armor
40:43 Crossbowman
42:35 Murder Holes
yesilyurt29
0:32 Loom
14:32 Feudal Age
17:14 Castle Age
15:05 Horse Collar
15:19 Double-Bit Axe
18:34 Wheelbarrow
17:55 Pikeman
20:32 Heavy Plow
22:50 Gold Mining
22:54 Stone Mining
24:34 Bow Saw
26:40 Hand Cart
27:06 Gold Shaft Mining
27:32 Caravan
33:45 Imperial Age
34:36 Ballistics
34:06 Heated Shot
34:32 Forging
34:23 Scale Mail Armor
35:04 Crop Rotation
35:38 Chemistry
35:56 Double Crossbow
35:57 Tusk Swords
38:09 Halberdier
39:05 Arson
41:06 Iron Casting
ÇAKIR
10:27 Feudal Age
11:25 Double-Bit Axe
11:22 Horse Collar
13:03 Scale Barding Armor
13:10 Forging
13:24 Town Watch
15:54 Wheelbarrow
19:42 Gold Mining
23:35 Castle Age
25:58 Iron Casting
25:43 Chain Barding Armor
24:46 Light Cavalry
25:39 Bloodlines
25:30 Husbandry
29:45 Gold Shaft Mining
29:01 Stone Mining
29:30 Caravan
30:17 Hand Cart
30:09 Town Patrol
30:45 Bow Saw
31:46 Heavy Plow
38:44 Imperial Age
39:59 Plate Barding Armor
40:25 Blast Furnace
39:10 Hussar
Must_61
1:26 Loom
11:20 Feudal Age
15:19 Castle Age
13:48 Double-Bit Axe
18:30 Town Watch
20:17 Stone Mining
20:58 Gold Mining
22:42 Wheelbarrow
25:45 Bow Saw
27:38 Gold Shaft Mining
27:17 Town Patrol
27:38 Hand Cart
29:17 Town Patrol
32:42 Imperial Age
30:50 Forging
30:46 Scale Barding Armor
31:04 Husbandry
33:06 Iron Casting
32:52 Chain Barding Armor
32:53 Cavalier
35:00 Blast Furnace
34:23 Paladin
36:07 Conscription
36:31 Plate Barding Armor
CHR1453
11:06 Feudal Age
10:13 Double-Bit Axe
13:27 Horse Collar
13:59 Bow Saw
21:53 Castle Age
20:24 Heavy Plow
20:25 Stone Mining
20:51 Gold Mining
21:33 Man-at-Arms
24:33 Scale Mail Armor
25:18 Town Watch
26:15 Stone Shaft Mining
26:18 Gold Shaft Mining
26:58 Chain Mail Armor
30:53 Imperial Age
28:25 Long Swordsman
33:33 Wheelbarrow
32:44 Town Watch
34:56 Town Patrol
35:58 Hand Cart
36:54 Forging
36:10 Cavalier
38:48 Two-Man Saw
40:04 Conscription
39:53 Burgundian Vineyards
40:06 Heavy Plow
41:13 Elite Coustillier
42:35 Iron Casting
43:22 Crop Rotation
bar
0:43 Loom
12:02 Feudal Age
15:40 Town Watch
16:59 Horse Collar
18:48 Wheelbarrow
19:18 Double-Bit Axe
19:27 Gold Mining
20:01 Stone Mining
21:33 Scale Barding Armor
21:39 Forging
26:06 Castle Age
24:46 Bloodlines
27:03 Hand Cart
26:50 Town Patrol
27:49 Husbandry
27:27 Light Cavalry
29:33 Chain Barding Armor
30:03 Gold Shaft Mining
29:43 Heavy Plow
30:21 Bow Saw
31:14 Iron Casting
33:59 Marauders
37:41 Imperial Age
40:30 Two-Man Saw
40:26 Plate Barding Armor
40:52 Blast Furnace
Connection lost

Rejoining the realm…

Still unreachable

The connection could not be restored.

Session expired

The server has moved on; the page needs a fresh start.